 Dungeon Crawl Stone Soup version 0.31-a0-154-g56bf346678 (webtiles) character file.

Game seed: 10606805055361089302

437 Demosthentine the Poker (level 6, -2/48 HPs)
             Began as a Demonspawn Gladiator on June 11, 2023.
             Killed from afar by an orc wizard (8 damage)
             ... with a puff of flame
             ... on level 4 of the Dungeon.
             The game lasted 00:02:59 (3281 turns).

Demosthentine the Poker (Demonspawn Gladiator)      Turns: 3281, Time: 00:03:00

Health: -2/48      AC:  4    Str: 15    XL:     6   Next: 69%
Magic:  6/6        EV: 14    Int:  7    God:
Gold:   193        SH:  0    Dex: 22    Spells: 5/5 levels left

rFire   . . .        a - +0 trident
rCold   . . .        (no shield)
rNeg    . . .        b - +0 leather armour
rPois   .            c - +0 helmet
rElec   .            (no cloak)
rCorr   .            (no gloves)
SInv    .            (no boots)
Will    .....        f - amulet of the acrobat
Stlth   +            n - ring of flight
HPRegen 0.28/turn    (no ring)
MPRegen 0.10/turn

%: acrobat
@: confused, flying, invisible
A: hooves 2, agile 2
a: no special abilities


You were on level 4 of the Dungeon.
You visited 1 branch of the dungeon, and saw 4 of its levels.

You collected 193 gold pieces.

Inventory:

Hand Weapons
 a - a +0 trident (weapon)
Missiles
 d - 5 throwing nets (quivered)
 e - a javelin
 m - 6 curare-tipped darts
Armour
 b - a +0 leather armour (worn)
 c - a +0 helmet (worn)
Jewellery
 f - an amulet of the acrobat (around neck)
 n - a ring of flight (left hand)
Scrolls
 h - a scroll of amnesia
 k - a scroll of identify
 p - 2 scrolls of teleportation
 r - a scroll of silence {unknown}
Potions
 g - a potion of invisibility
 i - 2 potions of resistance
 j - a potion of haste
 l - a potion of curing {unknown}
 o - a potion of berserk rage {unknown}


   Skills:
 + Level 4.0 Fighting
 + Level 4.1 Polearms
 - Level 1.7 Throwing
 + Level 2.8 Armour
 + Level 4.1 Dodging


You had 5 spell levels left.
You didn't know any spells.
Your spell library contained the following spells:

 Spells                   Type           Power      Damage    Failure   Level
 Ensorcelled Hibernation  Hex/Ice        0%         N/A       65%         2
 Passwall                 Tmut/Erth      0%         N/A       65%         2
 Swiftness                Air            0%         N/A       86%         3


Dungeon Overview and Level Annotations

Branches:
Dungeon (4/15)
 Temple: D:4-7

Altars:
Cheibriados

Shops:
D:3 [

Annotations:
D:4 3 runed translucent doors, comborobin's ghost, amateur DEDe


Innate Abilities, Weirdness & Mutations

You have hoof-like feet.
You are very agile. (Dex +8, Str/Int -2)


Message History

You closely miss something. Something hits you.
You miss something. You kick something.
Reactivating autopickup.
You feel a bit more experienced.
Your Fighting skill increases to level 4!
You bump into the rock wall.
You hear some strange, mumbled words.
Deactivating autopickup; reactivate with Ctrl-A.
Something tries to affect you, but you resist.
You closely miss something. You kick something!
You hear some strange, mumbled words.
You are more confused.
You miss something.
You bump into the rock wall.
Something hits you. The orc closely misses you.
You bump into the rock wall.
You hear some strange, mumbled words.
A puff of flame appears from out of thin air!
The puff of flame hits you!
* * * LOW HITPOINT WARNING * * *
The orc hits you with a +0 short sword.
* * * LOW HITPOINT WARNING * * *
You closely miss something. Your kick misses something. Something hits you.
* * * LOW HITPOINT WARNING * * *
The orc hits you but does no damage.
You hit the orc.
The orc is almost dead.
Something barely misses you. The orc barely misses you.
Unknown command.
Okay, then.
You fade into invisibility!
Something hits you.
* * * LOW HITPOINT WARNING * * *
The orc closely misses you.
Unknown command.
Unknown command.
You bump into the rock wall.
You hear some strange, mumbled words.
A puff of flame appears from out of thin air!
The puff of flame hits you!
You die...

#o.....# #)[..# #.##
#..## ##..## ####
##..###..## ##o#.....#
##o###### #{@## #
##..## # ##..# # #..##
## ##..## #####.
##..#######.....
##..##.........
#..........###
#########...........##


You could see 2 orcs.

Vanquished Creatures
  A scorpion (D:4)
  2 hounds (D:4)
  A jelly (D:4)
  An iguana (D:4)
  An orc wizard (D:4)
  10 gnolls (D:4)
  5 adders
  A white imp (D:4)
  3 worms
  2 dart slugs
  5 orcs (D:4)
  6 endoplasms
  2 giant cockroaches (D:3)
  4 hobgoblins
  7 jackals
  2 quokkas
  3 ball pythons
  6 bats
  14 frilled lizards
  7 goblins
  3 kobolds
  7 rats
93 creatures vanquished.

Notes
Turn   | Place    | Note
-------+----------+-------------------------------------------
     0 | D:1      | Demosthentine the Demonspawn Gladiator began the quest for
                  | the Orb.
     0 | D:1      | Reached XP level 1. HP: 16/16 MP: 1/1
   203 | D:1      | Gained mutation: You have large cloven feet. [demonic
                  | ancestry]
   203 | D:1      | Reached XP level 2. HP: 22/22 MP: 2/2
   327 | D:1      | Found a faded altar of an unknown god.
   619 | D:2      | Reached skill level 1 in Armour
   643 | D:2      | Gained mutation: You have hoof-like feet. [demonic
                  | ancestry]
   643 | D:2      | Reached XP level 3. HP: 13/28 MP: 3/3
  1259 | D:3      | Reached XP level 4. HP: 34/34 MP: 4/4
  1480 | D:3      | Found Xennuklu's Antique Armour Shop.
  1746 | D:3      | Found a snail-covered altar of Cheibriados.
  2235 | D:4      | Reached XP level 5. HP: 41/41 MP: 5/5
  2726 | D:4      | Gained mutation: You are agile. (Dex +4, Str/Int -1)
                  | [potion of mutation]
  2726 | D:4      | Gained mutation: You are very agile. (Dex +8, Str/Int -2)
                  | [potion of mutation]
  2731 | D:4      | Reached XP level 6. HP: 32/48 MP: 6/6
  2988 | D:4      | Found a runed translucent gate.
  2989 | D:4      | Found a runed translucent gate.
  2989 | D:4      | Noticed comborobin's ghost (amateur DEDe)
  2990 | D:4      | Found a runed translucent gate.
  3281 | D:4      | Killed from afar by an orc wizard

Illustrated notes

Levels and vault maps discovered:
D:1:      eino_arrival_water_star, layout_rooms, ebering_ecumenical_altar_box
D:2:      layout_rooms, minmay_lizard_king
D:3:      layout_loops_corners, mainiacjoe_overflow_chevrons, serial_shops,
          shop, kennysheep_small_spiral, minmay_shallow_snake_nest
D:4:      layout_cave_pods, gammafunk_ghost_split

Skill      XL: |  1  2  3  4  5  6 |
---------------+-------------------+-----
Dodging        | 3 4 |  4.1
Polearms       | 3 4 |  4.1
Armour         | 1 2 |  2.8
Fighting       | 3 4 |  4.0
Throwing       | |  1.7

Action                     |  1- 3 |  4- 6 || total
---------------------------+-------+-------++-------
  Melee: Trident           |   127 |   176 ||   303
         Kick              |    18 |    33 ||    51
         Punch             |     1 |     1 ||     2
    Use: Scroll            |     6 |     3 ||     9
         Potion            |       |     5 ||     5
   Stab: Sleeping          |     1 |     2 ||     3
 Armour: Leather armour    |    28 |    32 ||    60
         Skin              |       |    12 ||    12
  Dodge: Dodged            |    64 |    82 ||   146

Table legend: (Time is in decaauts)
 A = Elapsed time spent in this place.
 B = Non-inter-level travel time spent in this place.
 C = Inter-level travel time spent in this place.
 D = Time resting spent in this place.
 E = Time spent auto-exploring this place.
 F = Levels seen in this place.
 G = Mean time per level.
                   A        B        C        D        E       F      G
               +--------+--------+--------+--------+--------+-----+--------+
         Total |   3320 |   3244 |     76 |      0 |   2568 |   4 |  830.0 |
       Dungeon |   3320 |   3244 |     76 |      0 |   2568 |   4 |  830.0 |
               +--------+--------+--------+--------+--------+-----+--------+

Top non-repeatable levels by time:
     D:4: 1154 daAuts
     D:3: 961 daAuts
     D:2: 671 daAuts
     D:1: 533 daAuts
